 Dungeon Crawl Stone Soup version 0.24.0-29-g8ce449bc06 (webtiles) character file.

Game seed: 14187743261956762372, levelgen mode: deterministic

1547 FishyPogo the Charmwright (level 8, -7/64 HPs)
             Began as a Gnoll Skald on Nov 16, 2019.
             Was a Priest of Okawaru.
             Mangled by a wight
             ... wielding a cursed +5 short sword
              (9 damage)
             ... on level 6 of the Dungeon.
             The game lasted 00:17:10 (4470 turns).

FishyPogo the Charmwright (Gnoll Skald)             Turns: 4470, Time: 00:17:11

Health: -7/64      AC:  4    Str: 16    XL:     8   Next: 87%
Magic:  6/17       EV: 14    Int: 16    God:    Okawaru [***...]
Gold:   184        SH:  0    Dex: 14    Spells: 8/19 levels left

rFire    . . .     SeeInvis .   q - +0 mace (holy)
rCold    . . .     Gourm    .   (no shield)
rNeg     . . .     Faith    +   b - +0 leather armour
rPois    .         Spirit   .   r - +0 helmet
rElec    .         Reflect  .   (no cloak)
rCorr    .         Harm     .   (no gloves)
MR       .....                  (no boots)
Stlth    +++.......             l - amulet of faith
HPRegen  0.20/turn              t - ring of stealth
MPRegen  0.15/turn              (no ring)

@: lethally poisoned (-7 -> -10), infused (expiring), very slightly
contaminated, drained, invisible
A: distributed training, fangs 1, strong nose
a: Heroism, Renounce Religion


You were on level 6 of the Dungeon.
You worshipped Okawaru.
Okawaru was most pleased with you.
You were hungry.

You visited 2 branches of the dungeon, and saw 7 of its levels.

You collected 184 gold pieces.

Inventory:

Hand Weapons
 a - a +0 spear
 h - a +1 short sword of draining
 q - a +0 mace of holy wrath (weapon)
 w - a +0 hand axe of freezing
Missiles
 c - 117 stones (quivered)
 k - 4 javelins
 u - 4 silver boomerangs
 y - 11 boomerangs
Armour
 b - a +0 leather armour (worn)
 r - a +0 helmet (worn)
Jewellery
 l - an amulet of faith (around neck)
 t - a ring of stealth (left hand)
Wands
 D - a wand of iceblast (2)
Scrolls
 f - 3 scrolls of teleportation {unknown}
 g - a scroll of noise {unknown}
 j - 8 scrolls of identify {unknown}
 m - 3 scrolls of enchant weapon {unknown}
 n - a scroll of enchant armour {unknown}
 p - 2 scrolls of fog {unknown}
 s - 3 scrolls of remove curse {unknown}
 A - a scroll of amnesia {unknown}
 C - a scroll of magic mapping {unknown}
 E - a scroll of random uselessness {unknown}
Potions
 e - 2 potions of invisibility
 i - 3 potions of might {unknown}
 o - a potion of heal wounds {unknown}
 v - 2 potions of curing
 x - a potion of brilliance {unknown}
 z - a potion of magic {unknown}
 B - a potion of cancellation {unknown}
Comestibles
 d - 12 rations
 F - 6 chunks of flesh


   Skills:
 + Level 5.9(5.1) Fighting
 + Level 3.5(2.9) Short Blades
 + Level 3.5(2.9) Long Blades
 + Level 3.5(2.9) Axes
 + Level 3.5(2.9) Maces & Flails
 + Level 5.9(5.1) Polearms
 + Level 3.5(2.9) Staves
 + Level 3.5(2.9) Slings
 + Level 3.5(2.9) Bows
 + Level 3.5(2.9) Crossbows
 + Level 3.5(2.9) Throwing
 + Level 4.4(3.7) Armour
 + Level 5.9(5.1) Dodging
 + Level 3.5(2.9) Stealth
 + Level 3.5(2.9) Shields
 + Level 3.5(2.9) Unarmed Combat
 + Level 6.2(5.5) Spellcasting
 + Level 2.9(2.3) Conjurations
 + Level 2.9(2.3) Hexes
 + Level 6.2(5.5) Charms
 + Level 2.9(2.3) Summonings
 + Level 2.9(2.3) Necromancy
 + Level 2.9(2.3) Translocations
 + Level 2.9(2.3) Transmutations
 + Level 2.9(2.3) Fire Magic
 + Level 2.9(2.3) Ice Magic
 + Level 2.9(2.3) Air Magic
 + Level 2.9(2.3) Earth Magic
 + Level 2.9(2.3) Poison Magic
 + Level 3.9(3.2) Invocations
 + Level 3.5(2.9) Evocations


You had 8 spell levels left.
You knew the following spells:

 Your Spells              Type           Power        Failure   Level  Hunger
h - Regeneration          Chrm/Necr      ###.......   11%         3    ###....
j - Spectral Weapon       Hex/Chrm       ###.....     11%         3    ###....
p - Shroud of Golubria    Chrm/Tloc      ###...       5%          2    #......
u - Song of Slaying       Chrm           ###.....     2%          2    #......
y - Infusion              Chrm           ###.         1%          1    None

Your spell library contained the following spells:

 Spells                   Type           Power        Failure   Level  Hunger


Dungeon Overview and Level Annotations

Branches:
Dungeon (6/15)             Temple (1/1) D:4

Altars:
Ashenzari
Cheibriados
Dithmenos
Elyvilon
Fedhas
Gozag
Hepliaklqana
Makhleb
Nemelex Xobeh
Okawaru
Qazlal
Ru
Sif Muna
Trog
Uskayaw
Vehumet
Wu Jian
Xom
Yredelemnul
Zin
The Shining One


Innate Abilities, Weirdness & Mutations

Your experience applies equally to all skills.
You have very sharp teeth.
Your uncanny sense of smell can sniff out nearby items.


Message History

You hit the wight.
The wight convulses.
The wight is heavily damaged.
You feel sick. The wight misses you.
You closely miss the wight.
The wight is heavily damaged.
Your magical infusion is running out.
The wight hits you with a cursed +5 short sword.
* * * LOW HITPOINT WARNING * * *
You feel drained.
You hit the wight.
The wight convulses.
You bite the wight, but do no damage.
The wight is severely damaged.
You feel sick. The wight misses you.
The wight hits you with a cursed +5 short sword.
* * * LOW HITPOINT WARNING * * *
You feel drained.
* * * LOW HITPOINT WARNING * * *
It was a potion of invisibility.
You fade into invisibility!
The wight hits you with a cursed +5 short sword!
You die...

...#########..............#.####
##.#
#.........##########...#####
#.###.######.## ##.......
#..##.#####..# ##..##....
##..........## ##..#...###
#####......### #..##.###
......###..# ###.#...# # ####..#
#<## #######.>...### # .....##
#...##.@((...#.### # ######
#..)z######..##### # #.#.##
##.....##### # #..###
######.##)..
..##...####.÷.........
#........÷.##########
#.#####..### # ... ##.## # ###
#.z####### #


You could see a wight.

Vanquished Creatures
  Prince Ribbit (D:6)
  Sigmund (D:6)
  A phantom (D:6)
  2 ogres (D:6)
  2 centaurs (D:6)
  A bullfrog (D:6)
  3 wights (D:6)
  2 crimson imps (D:6)
  2 hounds
  A centaur skeleton (D:4)
  2 orc wizards (D:3)
  An iguana (D:4)
  2 worker ants
  Natasha (thrice) (D:4)
  A hound zombie (D:6)
  Robin (D:4)
  9 adders
  An adder skeleton (D:5)
  3 worms
  5 leopard geckos
  12 orcs
  3 giant cockroaches
  16 goblins
  10 hobgoblins
  7 jackals
  6 bats
  3 frilled lizards (D:2)
  A jackal skeleton (D:5)
  12 kobolds
  A leopard gecko zombie (D:5)
  8 rats
123 creatures vanquished.

Vanquished Creatures (others)
  2 spectral weapons (D:6)
2 creatures vanquished.

Grand Total: 125 creatures vanquished

Notes
Turn   | Place    | Note
-------+----------+-------------------------------------------
     0 | D:1      | FishyPogo the Gnoll Skald began the quest for the Orb.
     0 | D:1      | Reached XP level 1. HP: 20/20 MP: 6/6
   248 | D:1      | Reached XP level 2. HP: 26/26 MP: 4/7
   256 | D:1      | Learned a level 2 spell: Song of Slaying
   259 | D:1      | Learned a level 2 spell: Shroud of Golubria
   588 | D:1      | Reached XP level 3. HP: 30/31 MP: 5/9
   589 | D:1      | Reached skill level 5 in Spellcasting
  1017 | D:2      | Reached skill level 1 in Invocations
  1029 | D:2      | Reached skill level 1 in Short Blades
  1029 | D:2      | Reached skill level 1 in Long Blades
  1029 | D:2      | Reached skill level 1 in Axes
  1029 | D:2      | Reached skill level 1 in Maces & Flails
  1029 | D:2      | Reached skill level 1 in Staves
  1029 | D:2      | Reached skill level 1 in Slings
  1029 | D:2      | Reached skill level 1 in Bows
  1029 | D:2      | Reached skill level 1 in Crossbows
  1029 | D:2      | Reached skill level 1 in Throwing
  1029 | D:2      | Reached skill level 1 in Stealth
  1029 | D:2      | Reached skill level 1 in Shields
  1029 | D:2      | Reached skill level 1 in Unarmed Combat
  1029 | D:2      | Reached skill level 1 in Evocations
  1040 | D:2      | Reached XP level 4. HP: 13/38 MP: 0/11
  1087 | D:2      | Learned a level 3 spell: Regeneration
  1091 | D:2      | Learned a level 3 spell: Spectral Weapon
  1777 | D:3      | Reached skill level 1 in Conjurations
  1777 | D:3      | Reached skill level 1 in Hexes
  1777 | D:3      | Reached skill level 1 in Summonings
  1777 | D:3      | Reached skill level 1 in Necromancy
  1777 | D:3      | Reached skill level 1 in Translocations
  1777 | D:3      | Reached skill level 1 in Transmutations
  1777 | D:3      | Reached skill level 1 in Fire Magic
  1777 | D:3      | Reached skill level 1 in Ice Magic
  1777 | D:3      | Reached skill level 1 in Air Magic
  1777 | D:3      | Reached skill level 1 in Earth Magic
  1777 | D:3      | Reached skill level 1 in Poison Magic
  1780 | D:3      | Reached XP level 5. HP: 32/43 MP: 0/12
  2246 | D:3      | Reached XP level 6. HP: 50/50 MP: 9/13
  2364 | D:4      | Noticed Natasha
  2369 | D:4      | Killed Natasha
  2396 | D:4      | Found a staircase to the Ecumenical Temple.
  2402 | Temple   | Entered the Ecumenical Temple
  2572 | Temple   | Became a worshipper of Warmaster Okawaru
  2589 | D:4      | Reached skill level 5 in Fighting
  2589 | D:4      | Reached skill level 5 in Polearms
  2589 | D:4      | Reached skill level 5 in Dodging
  2591 | D:4      | Noticed Natasha
  2600 | D:4      | Killed Natasha
  2714 | D:4      | Noticed Natasha
  2726 | D:4      | Killed Natasha
  2832 | D:4      | Noticed Robin
  2843 | D:4      | Killed Robin
  2855 | D:4      | Reached XP level 7. HP: 41/56 MP: 1/15
  2885 | D:4      | Found a snail-covered altar of Cheibriados.
  3241 | D:4      | Found a hazy altar of Hepliaklqana.
  3241 | D:4      | Found a faded altar of an unknown god.
  3246 | D:4      | Found a white marble altar of Elyvilon.
  3248 | D:4      | Found a bloodstained altar of Trog.
  3249 | D:4      | Found a faded altar of an unknown god.
  3375 | D:5      | Entered Level 5 of the Dungeon
  3555 | D:5      | Found a glowing silver altar of Zin.
  3663 | D:5      | Found an ornate altar of the Wu Jian Council.
  3681 | D:5      | Found a sparkling altar of Nemelex Xobeh.
  3947 | D:6      | Noticed Prince Ribbit
  3947 | D:6      | Noticed Sigmund
  3998 | D:6      | Reached * piety under Okawaru
  4088 | D:6      | Killed Sigmund
  4128 | D:6      | Reached XP level 8. HP: 34/63 MP: 2/16
  4248 | D:6      | Reached ** piety under Okawaru
  4263 | D:6      | Found a shadowy altar of Dithmenos.
  4363 | D:6      | Killed Prince Ribbit
  4386 | D:6      | Reached *** piety under Okawaru
  4469 | D:6      | HP: 2/64 [wight/cursed +5 short sword (3)]
  4470 | D:6      | Mangled by a wight

Levels and vault maps discovered:
D:1:      dpeg_arrival_three_same_balls, layout_loops_corners
D:2:      layout_loops_ring, first_ration, solitary_fountain, minmay_hexomino_c4
D:3:      layout_basic, minmay_misc_feat_chi
D:4:      layout_basic, old_standard_altar, chequers_temple_overflow_minitemple,
          minmay_temple_entry_waves, serial_rivers,
          chequers_serial_rivers_room_a, chequers_serial_rivers_small_3,
          chequers_serial_rivers_micro_e, chequers_serial_rivers_marsh,
          chequers_serial_rivers_micro_d, chequers_serial_rivers_room_b,
          uniq_robin, uniq_natasha
D:5:      layout_loops_cross, zin_academy, old_standard_altar,
          overflow_temple_1_default
D:6:      layout_rooms, grunt_dithmenos_shadows, uniq_prince_ribbit1,
          uniq_sigmund
Temple:   eino_narrow_crystal_temple

Skill      XL: |  1  2  3  4  5  6  7  8 |
---------------+-------------------------+-----
Spellcasting   | 5 6 |  6.2
Invocations    | 1 2 3 |  3.9
Short Blades   | 1 2 3 |  3.5
Long Blades    | 1 2 3 |  3.5
Axes           | 1 2 3 |  3.5
Maces & Flails | 1 2 3 |  3.5
Staves         | 1 2 3 |  3.5
Slings         | 1 2 3 |  3.5
Bows           | 1 2 3 |  3.5
Crossbows      | 1 2 3 |  3.5
Throwing       | 1 2 3 |  3.5
Stealth        | 1 2 3 |  3.5
Shields        | 1 2 3 |  3.5
Unarmed Combat | 1 2 3 |  3.5
Evocations     | 1 2 3 |  3.5
Conjurations   | 1 2 |  2.9
Hexes          | 1 2 |  2.9
Summonings     | 1 2 |  2.9
Necromancy     | 1 2 |  2.9
Translocations | 1 2 |  2.9
Transmutations | 1 2 |  2.9
Fire Magic     | 1 2 |  2.9
Ice Magic      | 1 2 |  2.9
Air Magic      | 1 2 |  2.9
Earth Magic    | 1 2 |  2.9
Poison Magic   | 1 2 |  2.9
Armour         | 3 4 |  4.4
Fighting       | 5 |  5.9
Polearms       | 5 |  5.9
Dodging        | 5 |  5.9
Charms         | 6 |  6.2

Action                   |  1- 3 |  4- 6 |  7- 9 || total
-------------------------+-------+-------+-------++-------
Melee: Spear             |    18 |       |       ||    18
       Short sword       |    79 |   119 |    97 ||   295
       Bite              |     5 |     6 |     8 ||    19
       Punch             |       |       |     2 ||     2
       Mace              |       |       |    21 ||    21
Throw: Stone             |       |     3 |     5 ||     8
 Cast: Infusion          |    12 |    14 |     9 ||    35
       Shroud of Golubri |     1 |     5 |    10 ||    16
       Spectral Weapon   |       |    10 |     9 ||    19
       Song of Slaying   |       |     2 |       ||     2
       Regeneration      |       |     1 |     6 ||     7
  Use: Potion            |       |       |     1 ||     1
 Stab: Sleeping          |       |     3 |     3 ||     6
  Eat: Chunk             |       |     7 |     6 ||    13
Armor: Leather armour    |    15 |    19 |    17 ||    51
Dodge: Dodged            |    64 |    76 |    86 ||   226
